 Dungeon Crawl Stone Soup version 0.28.0-45-g0d030f2227 (webtiles) character file.

Game seed: 11145323177731085309

17160 AverageBear the Cleaver (level 12, -2/84 (96) HPs)
             Began as a Deep Dwarf Fighter on Apr 8, 2022.
             Was an Elder of Makhleb.
             Slain by an orc warrior
             ... wielding a +2 dire flail of holy wrath
              (13 damage)
             ... on level 1 of the Orcish Mines.
             The game lasted 00:17:26 (12097 turns).

AverageBear the Cleaver (Deep Dwarf Fighter)       Turns: 12097, Time: 00:17:27

HP:   -2/84 (96)    AC: 29    Str: 21    XL:     12   Next: 16%
MP:   1/23          EV: 11    Int: 13    God:    Makhleb [****..]
Gold: 478           SH:  0    Dex: 12    Spells: 33/33 levels left

rFire   + . .      SeeInvis .   p - +2 battleaxe (vamp)
rCold   + . .      Faith    .   (shield currently unavailable)
rNeg    . . .      Spirit   .   s - +8 chain mail of the Black Moon {rElec rF+}
rPois   .          Reflect  .   (no helmet)
rElec   +          Harm     .   g - +1 cloak
rCorr   .          Rampage  .   o - +2 pair of gloves {infuse}
Will    +....                   (no boots)
Stlth   ..........              (no amulet)
HPRegen 0.00/turn               (no ring)
MPRegen 0.18/turn               (no ring)

@: mighty, about to teleport, heavily drained
A: damage resistance, heal wounds, sense surroundings 2, no regeneration,
iridescent scales 2, cold resistance 1
a: Heal Wounds, Renounce Religion, Minor Destruction, Lesser Servant of Makhleb,
Major Destruction


You were on level 1 of the Orcish Mines.
You worshipped Makhleb.
Makhleb was greatly pleased with you.
You visited 3 branches of the dungeon, and saw 12 of its levels.

You collected 1328 gold pieces.
You spent 850 gold pieces at shops.

Inventory:

Hand Weapons
 a - a +0 war axe
 b - the +3 Elemental Staff {rElec rF++ rC++ AC+5}
   (You took it off a deep elf pyromancer on level 8 of the Dungeon)

   If the wielder is skilled in Evocations, they can discharge powerful blasts
   of elemental energy when striking with it.
   It enhances your fire, ice, earth and air magic.
   AC:        It affects your AC (+5).
   rF:        It greatly protects you from fire.
   rC:        It greatly protects you from cold.
   rElec:     It insulates you from electricity.
 j - a +0 broad axe
 l - a +3 vorpal war axe
 p - a +2 vampiric battleaxe (weapon)
Armour
 g - a +1 cloak (worn)
 o - a +2 pair of gloves of infusion (worn)
 q - +0 fire dragon scales
 s - the +8 chain mail of the Black Moon (worn) {rElec rF+}
   (You found it on level 4 of the Dungeon)

   rF:        It protects you from fire.
   rElec:     It insulates you from electricity.
 A - +1 swamp dragon scales
Jewellery
 z - a ring of fire
Wands
 m - a wand of acid (1)
 r - a wand of flame (10)
 t - a wand of paralysis (1)
 v - a wand of polymorph (11)
 x - a wand of iceblast (1)
Scrolls
 e - a scroll of magic mapping
 i - 2 scrolls of identify
 k - 4 scrolls of teleportation
 n - a scroll of fog
 u - a scroll of immolation
 y - a scroll of amnesia
 B - a scroll of enchant weapon
 C - a scroll of enchant armour
Potions
 f - 2 potions of mutation
 h - a potion of cancellation
 w - 2 potions of attraction


   Skills:
 - Level 2.6 Fighting
 - Level 14.5 Axes
 + Level 10.8 Armour
 - Level 8.1 Dodging
 - Level 3.2 Shields
 - Level 11.1 Spellcasting


You had 33 spell levels left.
You didn't know any spells.
Your spell library contained the following spells:

 Spells                   Type           Power      Damage    Failure   Level
 Sandblast                Erth           14%        2d6       54%         1
 Passwall                 Tmut/Erth      5%         N/A       67%         2
 Gell's Gravitas          Tloc           7%         N/A       88%         3
 Lesser Beckoning         Tloc           7%         N/A       88%         3
 Stone Arrow              Conj/Erth      14%        3d7       88%         3
 Teleport Other           Tloc           7%         N/A       88%         3
 Fulminant Prism          Conj/Hex       3%         3d6       99%         4
 Iskenderun's Mystic Bla  Conj/Tloc      7%         2d4       99%         4
 Lee's Rapid Deconstruct  Erth           3%         3d6*      100%        5


Dungeon Overview and Level Annotations

Branches:
Dungeon (9/15)             Temple (1/1) D:6             Orc (2/2) D:9
    Elf (0/3) Orc:2
   Lair: D:8-11

Altars:
Ashenzari
Cheibriados
Dithmenos
Elyvilon
Fedhas
Gozag
Hepliaklqana
Kikubaaqudgha
Makhleb
Nemelex Xobeh
Okawaru
Qazlal
Ru
Sif Muna
Trog
Uskayaw
Vehumet
Xom
Yredelemnul
Zin
The Shining One
Beogh

Shops:
Orc:1 (   Orc:2 *:![*

Annotations:
D:3 exclusion: oklob plant
Orc:1 Nergalle


Innate Abilities, Weirdness & Mutations

You are resistant to damage.
You can heal yourself by infusing magical energy.
You passively map the area around you.
You do not regenerate.
You are mostly covered in iridescent scales. (AC +4)
Your flesh is cold resistant. (rC+)


Message History

The spectral orc warrior hits you with a +0 morningstar.
* * * LOW HITPOINT WARNING * * *
You feel drained.
Nergalle points at the spectral orc knight and mumbles some strange words.
The spectral orc knight seems to speed up.
The orc warrior hits you but does no damage. x2
Okay, then.
Okay, then.
As you read the scroll of teleportation, it crumbles to dust.
You feel strangely unstable.
The spectral orc knight hits you with a +0 long sword.
The orc hits you but does no damage.
The spectral orc warrior hits you but does no damage.
The spectral orc knight hits you with a +0 great sword.
* * * LOW HITPOINT WARNING * * *
The spectral orc warrior hits you but does no damage.
Nergalle closely misses you.
The spectral orc knight hits you but does no damage.
The orc warrior hits you with a +0 broad axe!
* * * LOW HITPOINT WARNING * * *
The orc warrior barely misses you.
Unknown command.
Unknown command.
You closely miss the orc. You slash the spectral orc knight!
You hit the orc warrior. You slash the spectral orc warrior!
You destroy the spectral orc warrior!
The spectral orc warrior disappears in a puff of smoke!
You slash the orc warrior!
You kill the orc warrior!
Makhleb accepts your kill.
You feel better.
You slash the spectral orc warrior!
You destroy the spectral orc warrior!
The spectral orc warrior disappears in a puff of smoke!
You slash the spectral orc knight! You hit Nergalle but do no damage.
The orc barely misses you.
The spectral orc knight hits you but does no damage.
The spectral orc knight barely misses you.
Nergalle hits you but does no damage.
The orc warrior hits you with a +2 dire flail of holy wrath!
You die...

##* ####*# * #.#*
##..#.##, .*
*...###...... ,..
,
#...#.#.$#.*#...
,
#......$..#....#
, #....#Zo§....#
#.$..o@)Z..# ,
*,, ..#..ooZo...#
, .......)o$..##
*
.......#...#...*
.......#........
*
,................
,
#...#.........##
....##......#.#*
#.., ..,##.#...


You could see Nergalle, a spectral orc warrior (summoned), 2 spectral orc
knights, an orc warrior, an orc priest and 3 orcs.

Vanquished Creatures
  3 orc high priests (Orc:2)
  Pikel (D:5)
  5 orc knights (Orc:2)
  A deep elf pyromancer (D:8)
  5 orc sorcerers (Orc:2)
  A cyclops (Orc:1)
  2 gargoyles (D:8)
  Maggie (D:9)
  Psyche (D:9)
  A troll (Orc:2)
  Sigmund (D:2)
  A shadow (D:9)
  Eustachio (D:4)
  10 yaks
  5 steam dragons
  2 wargs (Orc:2)
  4 water moccasins
  Duvessa (D:4)
  16 orc warriors
  2 ice beasts
  A black bear (D:5)
  A sky beast (D:5)
  6 ogres
  4 centaurs
  2 phantoms (D:9)
  A kobold brigand (D:9)
  Blork the orc (D:4)
  5 scorpions
  3 bullfrogs
  3 troll zombies (D:9)
  Dowan (D:4)
  A water moccasin skeleton (D:7)
  3 killer bees (D:9)
  A wight (D:9)
  10 howler monkeys
  2 electric eels (D:7)
  A centaur zombie (D:6)
  A bullfrog zombie (D:6)
  Crazy Yiuf (D:2)
  14 orc priests
  A jelly (D:7)
  6 hounds
  2 iguanas
  Ijyb (D:4)
  11 orc wizards
  A scorpion zombie (D:5)
  5 ogre zombies (D:9)
  9 adders
  4 gnolls (D:5)
  3 white imps
  An adder skeleton (D:4)
  A worm (D:3)
  3 dart slugs
  66 orcs
  8 ball pythons
  7 endoplasms
  7 giant cockroaches
  8 goblins
  4 hobgoblins
  4 jackals (D:2)
  12 kobolds
  5 quokkas
  8 bats
  3 frilled lizards
  3 goblin skeletons (D:9)
  3 goblin zombies (D:9)
  A hobgoblin skeleton (D:9)
  3 hobgoblin zombies (D:9)
  2 orc skeletons (D:9)
  13 orc zombies (D:9)
  5 rats
336 creatures vanquished.

Vanquished Creatures (others)
  2 fungi (D:3)
  A plant (D:3)
3 creatures vanquished.

Grand Total: 339 creatures vanquished

Notes
Turn   | Place    | Note
-------+----------+-------------------------------------------
     0 | D:1      | AverageBear the Deep Dwarf Fighter began the quest for the
                  | Orb.
     0 | D:1      | Reached XP level 1. HP: 20/20 MP: 1/1
    29 | D:1      | Reached skill level 3 in Axes
    29 | D:1      | Reached XP level 2. HP: 24/27 MP: 2/2
   168 | D:1      | Found a faded altar of an unknown god.
   461 | D:2      | Reached XP level 3. HP: 26/33 MP: 3/3
   478 | D:2      | Reached skill level 4 in Axes
   564 | D:2      | Noticed Sigmund
   566 | D:2      | Gained mutation: You are partially covered in iridescent
                  | scales. (AC +2) [potion of mutation]
   566 | D:2      | Gained mutation: Your flesh is cold resistant. (rC+)
                  | [potion of mutation]
   566 | D:2      | Gained mutation: You are mostly covered in iridescent
                  | scales. (AC +4) [potion of mutation]
   577 | D:2      | Killed Sigmund
   578 | D:2      | Reached skill level 6 in Axes
   578 | D:2      | Reached XP level 4. HP: 31/40 MP: 4/4
   578 | D:2      | Reached XP level 5. HP: 36/46 MP: 5/5
   791 | D:2      | Found a runed translucent door.
   792 | D:2      | Noticed Crazy Yiuf
  1133 | D:2      | Killed Crazy Yiuf
  1215 | D:3      | Reached skill level 7 in Axes
  1230 | D:3      | Reached XP level 6. HP: 35/55 MP: 6/6
  1748 | D:3      | Found a blossoming altar of Fedhas.
  1775 | D:3      | Noticed an oklob plant
  2125 | D:4      | Reached skill level 8 in Axes
  2230 | D:4      | Noticed Dowan
  2231 | D:4      | Noticed Duvessa
  2241 | D:4      | Killed Dowan
  2242 | D:4      | Reached XP level 7. HP: 35/61 MP: 0/6
  2254 | D:4      | Killed Duvessa
  2255 | D:4      | Reached skill level 9 in Axes
  2269 | D:4      | Identified the +8 chain mail of the Black Moon {rElec rF+}
  2693 | D:4      | Noticed Ijyb
  2705 | D:4      | Killed Ijyb
  2889 | D:4      | Reached skill level 5 in Armour
  2957 | D:4      | Noticed Blork the orc
  2972 | D:4      | Killed Blork the orc
  3059 | D:4      | Noticed Eustachio
  3235 | D:4      | Killed Eustachio
  3236 | D:4      | Reached XP level 8. HP: 54/68 MP: 0/6
  3310 | D:5      | Entered Level 5 of the Dungeon
  3778 | D:5      | Noticed Pikel
  3787 | D:5      | Killed Pikel
  3788 | D:5      | Reached skill level 10 in Armour
  3788 | D:5      | Gained mutation: You passively map the area around you.
                  | [Deep Dwarf growth]
  3788 | D:5      | Reached XP level 9. HP: 43/74 MP: 0/7
  4092 | D:5      | Reached skill level 1 in Dodging
  5038 | D:6      | Reached skill level 5 in Dodging
  5575 | D:6      | Found a staircase to the Ecumenical Temple.
  5641 | Temple   | Entered the Ecumenical Temple
  5700 | Temple   | Became a worshipper of Makhleb the Destroyer
  7470 | D:8      | Reached XP level 10. HP: 69/81 MP: 0/8
  7487 | D:8      | Reached skill level 10 in Axes
  7641 | D:8      | Noticed a deep elf pyromancer
  7647 | D:8      | Killed a deep elf pyromancer
  7648 | D:8      | Reached skill level 11 in Axes
  7694 | D:8      | Noticed a gargoyle
  7710 | D:8      | Killed a gargoyle
  8119 | D:8      | Noticed a gargoyle
  8135 | D:8      | HP: 3/81 [gargoyle/stone arrow (23)]
  8136 | D:8      | Killed a gargoyle
  8137 | D:8      | Reached skill level 12 in Axes
  9003 | D:9      | Identified a scroll of acquirement
  9005 | D:9      | Acquired a manual of Spellcasting
  9058 | D:9      | Noticed Maggie
  9062 | D:9      | Paralysed by Maggie for 2 turns
  9077 | D:9      | Paralysed by Maggie for 2 turns
  9082 | D:9      | Killed Maggie
  9083 | D:9      | Reached skill level 13 in Axes
  9178 | D:9      | Found an ancient bone altar of Kikubaaqudgha.
  9202 | D:9      | Reached * piety under Makhleb
  9330 | D:9      | Found a staircase to the Orcish Mines.
  9429 | D:9      | Reached ** piety under Makhleb
  9669 | D:9      | Reached XP level 11. HP: 86/88 MP: 1/9
  9692 | D:9      | Reached skill level 14 in Axes
  9871 | D:9      | Found a white marble altar of Elyvilon.
 10042 | D:9      | Found a bloodstained altar of Trog.
 10095 | D:9      | Found a radiant altar of Vehumet.
 10225 | D:9      | Noticed Psyche
 10237 | D:9      | Killed Psyche
 10486 | D:9      | Found a stormy altar of Qazlal.
 10598 | Orc:1    | Entered Level 1 of the Orcish Mines
 10708 | Orc:1    | Found Xodwy's Weapon Emporium.
 10862 | Orc:2    | Entered Level 2 of the Orcish Mines
 10862 | Orc:2    | Noticed an orc sorcerer
 10862 | Orc:2    | Found a staircase to the Elven Halls.
 10885 | Orc:2    | Reached skill level 1 in Spellcasting
 10887 | Orc:2    | Noticed an orc sorcerer
 10894 | Orc:2    | Killed an orc sorcerer
 10894 | Orc:2    | Reached *** piety under Makhleb
 10895 | Orc:2    | Noticed a sun demon
 11009 | Orc:2    | Killed an orc sorcerer
 11026 | Orc:2    | Reached skill level 5 in Spellcasting
 11194 | Orc:2    | Noticed an orc knight
 11237 | Orc:2    | Killed an orc knight
 11440 | Orc:2    | Noticed an orc high priest
 11453 | Orc:2    | Reached **** piety under Makhleb
 11459 | Orc:2    | Killed an orc high priest
 11464 | Orc:2    | Noticed an orc sorcerer
 11464 | Orc:2    | Noticed an orc high priest
 11468 | Orc:2    | Killed an orc high priest
 11471 | Orc:2    | Killed an orc sorcerer
 11476 | Orc:2    | Noticed an orc knight
 11476 | Orc:2    | Noticed an orc knight
 11477 | Orc:2    | Noticed an orc sorcerer
 11477 | Orc:2    | Noticed an orc knight
 11477 | Orc:2    | Noticed an orc high priest
 11478 | Orc:2    | Noticed an orc sorcerer
 11490 | Orc:2    | Killed an orc sorcerer
 11501 | Orc:2    | Killed an orc knight
 11501 | Orc:2    | Killed an orc high priest
 11501 | Orc:2    | Killed an orc sorcerer
 11501 | Orc:2    | Killed an orc knight
 11502 | Orc:2    | Reached skill level 10 in Spellcasting
 11502 | Orc:2    | Reached XP level 12. HP: 65/96 MP: 20/22
 11531 | Orc:2    | Found Gucak's Antique Armour Shoppe.
 11531 | Orc:2    | Found Wiemo's General Store.
 11533 | Orc:2    | Found Yza Gene's Distillery.
 11533 | Orc:2    | Found Kofrigura's Book Shop.
 11545 | Orc:2    | Bought a scroll of identify for 34 gold pieces
 11545 | Orc:2    | Bought a scroll of identify for 34 gold pieces
 11646 | Orc:2    | Found Evoawux's Assorted Antiques.
 11719 | Orc:2    | Bought a glowing war axe for 175 gold pieces
 11719 | Orc:2    | Bought 2 scrolls of enchant weapon for 405 gold pieces
 11719 | Orc:2    | Bought a scroll of enchant armour for 202 gold pieces
 11797 | Orc:1    | Noticed Nergalle
 12097 | Orc:1    | Slain by an orc warrior

Illustrated notes

Levels and vault maps discovered:
D:1:      dpeg_arrival_tiny_j, layout_basic, chequers_ecumenical_altar_simple
D:2:      layout_basic, uniq_sigmund, uniq_crazy_yiuf_cottage
D:3:      minmay_bubble_buster, layout_rooms, tgw_fedhas, minmay_crystal_room,
          minivault_19
D:4:      layout_cave_pods, uniq_duvessa, uniq_ijyb, uniq_blork_the_orc,
          uniq_eustachio
D:5:      layout_basic, grunt_decor_mini_mirrors,
          amcnicky_mini_corridor_feature, uniq_pikel
D:6:      layout_cave_pods, minmay_temple_entry_large_hall
D:7:      statuecave_lemuel, layout_basic, serial_glass, glass_columns_a,
          glass_columns_a, chequers_serial_rivers_micro_b
D:8:      layout_basic, dilly_guarded_unrand_elemental_staff
D:9:      layout_loops_ring, mainiacjoe_overflow_24_doors,
          general_overflow_altar, marbit_many_paths, overflow_temple_1_default,
          nicolae_qazlal_eye_of_the_storm, zombieorc2_lemuel,
          kennysheep_nondescript, kennysheep_generic_room_11, uniq_maggie,
          uniq_psyche
Temple:   eino_wide_crystal_templ
Orc:1:    layout_caves, serial_shops, nicolae_shop_bloodbath_and_beyond,
          basic_altar, uniq_nergalle
Orc:2:    grunt_orc_tribal_feast, layout_caves, serial_shops, shop,
          minmay_orc_temple_a

Skill      XL: |  1  2  3  4  5  6  7  8  9 10 11 12 |
---------------+-------------------------------------+-----
Axes           | 3 6 7 8 9 13 14 | 14.5
Armour         | 6 10 | 10.8
Dodging        | 8 |  8.1
Spellcasting   | 10 11 | 11.1
Fighting       | |  2.6
Shields        | |  3.2

Action                   |  1- 3 |  4- 6 |  7- 9 | 10-12 || total
-------------------------+-------+-------+-------+-------++-------
Melee: War axe           |    74 |   163 |       |    20 ||   257
       Hand axe          |       |    24 |   310 |   515 ||   849
       Battleaxe         |       |       |       |    23 ||    23
 Abil: Heal Wounds       |     1 |     3 |     5 |    12 ||    21
Evoke: Wand              |       |       |     3 |    17 ||    20
  Use: Potion            |     3 |     1 |     5 |     8 ||    17
       Scroll            |       |     2 |     7 |     9 ||    18
Armor: Scale mail        |    50 |    94 |       |       ||   144
       Fire dragon scale |       |    11 |     3 |       ||    14
       Chain mail        |       |     3 |   227 |   265 ||   495
Dodge: Dodged            |    44 |   100 |   128 |   184 ||   456
Block: Buckler           |    19 |    47 |    66 |    82 ||   214
